ElectroGuy, lawful female human Valkyrie ------------ ------- |......<....############`|*.... |..........| #|.... |..........| #|...----- |........... #|...|.{.| ------------ # #|.}*({ ###|...| #d@@.- `|.&...*... |`.........`| ------------- ElectroGuy the Fighter Experience level: 8 Strength: 17 Dexterity: 11 Constitution: 17 Intelligence: 8 Wisdom: 13 Charisma: 10 Health: 0(66) Energy: 32(32) Def: 14 Gold: 1862 Moves: 5377 Dungeon seed: GBXg6NJIDg7JJ_jM Game ID: ElectroGuy_1577552983 Your Inventory: Coins $ - 1862 gold pieces Weapons a - the blessed rustproof +1 Excalibur (weapon in hand) h - 8 +0 darts (in quiver) Armor e - an uncursed +4 small shield (being worn) m - an uncursed +0 dwarvish cloak (being worn) p - an uncursed +0 dwarvish iron helm (being worn) q - an uncursed +0 pair of water walking boots (being worn) N - a blessed +1 chain mail (being worn) Comestibles c - 8 uncursed food rations A - an uncursed clove of garlic B - an uncursed fortune cookie D - 2 uncursed tins of spinach L - an uncursed partly eaten food ration M - an uncursed lembas wafer V - an uncursed tripe ration Scrolls b - 4 uncursed scrolls of identify d - a blessed scroll of identify P - an uncursed scroll of identify R - 3 uncursed scrolls of blank paper X - an uncursed scroll of magic mapping Y - a cursed scroll of magic mapping Tools f - an uncursed skeleton key g - an uncursed oil lamp (0:1252) u - an uncursed mirror w - an uncursed lock pick x - an uncursed oil lamp (lit) (0:1319) y - an uncursed blindfold z - an uncursed pair of lenses (being worn) J - a +0 pick-axe K - an uncursed tin whistle Spells and supernatural/magical abilities: Name Level Category Fail Memory W - pray for help -- divine ? -- Your skills at the end: Fighting Skills Weapon Skills dagger [Basic] long sword [Skilled] Spellcasting Skills Final Attributes: You were piously aligned. You were cold resistant. You were level-drain resistant. You were confused. You were telepathic. You had automatic searching. You were stealthy. You could walk on water. You were fast. You are dead. Vanquished creatures: a ghost a giant mimic a large mimic a small mimic a spotted jelly a gold golem a dog a dwarf lord a gnome mummy 2 apes a human zombie 2 soldier ants an imp a rock piercer a pony a fog cloud 2 yellow lights 2 shriekers 5 gnome lords 3 gnomish wizards a kobold mummy a gray ooze an elf zombie a straw golem a giant ant 2 little dogs 2 floating eyes 2 kittens 4 dwarves 3 homunculi a kobold lord 2 hill orcs 4 rothes a monkey 4 orc zombies 3 iguanas 3 killer bees a coyote 3 hobbits a large kobold 4 cave spiders 2 brown molds 2 yellow molds 3 green molds a red mold 26 gnomes a gnome zombie 6 geckos 15 jackals 2 foxes a kobold 4 goblins a sewer rat 5 grid bugs 9 lichens 2 kobold zombies 5 newts 160 creatures vanquished. Voluntary challenges: You used a wielded weapon 184 times, starting on turn 2. You read items or engraved 6 times, starting on turn 1179. You never genocided any monsters. You never polymorphed an object. You never changed form. You used no wishes. You never split a pudding. You never wrote Elbereth's name. You violated your moral code, losing 126 points of alignment, starting on turn 1383. Dungeon overview: The Dungeons of Doom: levels 1 to 7 Level 1 a long staircase Level 2 a fountain stairs to The Gnomish Mines Level 3 a fountain Level 4 a fountain Level 5 Level 6 a scroll shop Level 7 <- You were here some fountains The Gnomish Mines: levels 3 to 7 Level 3 stairs to The Dungeons of Doom Level 4 Level 5 Level 6 many shops, a temple to Loki Level 7 History has recorded: On T:1 you entered the Dungeons of Doom to retrieve the Amulet of Yendor! On T:413 you advanced to experience level 2. On T:673 you reached level 2 of The Dungeons of Doom. On T:995 you reached level 1 of The Gnomish Mines. On T:1054 you advanced to experience level 3. On T:1357 you advanced to experience level 4. On T:1640 you advanced to experience level 5. On T:1925 you reached level 2 of The Gnomish Mines. On T:2018 you advanced to experience level 6. On T:2471 you reached level 3 of The Gnomish Mines. On T:2833 you reached level 4 of The Gnomish Mines. On T:2992 you advanced to experience level 7. On T:3886 you reached level 5 of The Gnomish Mines. On T:4191 you reached level 3 of The Dungeons of Doom. On T:4509 you reached level 4 of The Dungeons of Doom. On T:4765 you reached level 5 of The Dungeons of Doom. On T:5102 you reached level 6 of The Dungeons of Doom. On T:5230 you advanced to experience level 8. On T:5351 you reached level 7 of The Dungeons of Doom. Score breakdown: Gold: 1862 (11124 points) Experience: 8 levels (14739 points) Exploration: 7 levels ( 14.00%) (10497 points) Discoveries: 25 items ( 10.16%) ( 9563 points) Valuables value: (no points given unless you survive) Artifact value: 4000 (12253 points) Variety of kills: 57 monsters ( 14.96%) (11603 points) Turncount: 5377 turns (-1462 points) Survival: died (score multiplied by 80%) Total score: 54653 Latest messages: You begin praying to Tyr. You are surrounded by a shimmering light. Yeenoghu starts to attack you, but pulls back. (3x) The Woodland-elf starts to attack you, but pulls back. Yeenoghu starts to attack you, but pulls back. You feel that Tyr is well-pleased. You feel much better. You miss Yeenoghu. The Woodland-elf wields an elven short sword! Yeenoghu swings his flail. Yeenoghu hits! Yeenoghu swings his flail. Yeenoghu hits! (2x) Yeenoghu casts a spell at you! You are hit by a shower of missiles! Yeenoghu swings his flail. Yeenoghu hits! Yeenoghu swings his flail. Yeenoghu hits! (2x) Yeenoghu casts a spell at you! You are hit by a shower of missiles! You die... Final status: Farvel ElectroGuy the Valkyrie, killed by Yeenoghu... You died in The Dungeons of Doom on dungeon level 7 with 54653 points, and 1862 pieces of gold, after 5377 moves. You were level 8 with a maximum of 66 hit points when you died.